 Dungeon Crawl Stone Soup version 0.32-a0-953-g508020473e (webtiles) character file.

Game seed: 11174571088566302836

81 RBrandon the Charlatan (level 4, -5/37 HPs)
             Began as a Mountain Dwarf Artificer on Apr 17, 2024.
             Slain by a gnoll
             ... wielding a +0 halberd
              (17 damage)
             ... on level 2 of the Dungeon.
             The game lasted 00:04:09 (1634 turns).

RBrandon the Charlatan (Mountain Dwarf Artificer)   Turns: 1634, Time: 00:04:09

Health: -5/37      AC:  3    Str: 14    XL:     4   Next: 19%
Magic:  1/7        EV:  5    Int: 14    God:
Gold:   96         SH:  0    Dex: 16    Spells: 6/7 levels left

rFire   . . .        q - +1 flail (venom)
rCold   . . .        (no shield)
rNeg    . . .        b - +0 leather armour
rPois   .            (no helmet)
rElec   .            (no cloak)
rCorr   .            (no gloves)
SInv    .            (no boots)
Will    .....        (no amulet)
Stlth   +            k - +6 ring of dexterity
HPRegen 0.26/turn    (no ring)
MPRegen 0.10/turn

%: no passive effects
@: held
A: runic magic, artefact enchanting
a: no special abilities


You were on level 2 of the Dungeon.
You visited 1 branch of the dungeon, and saw 2 of its levels.

You collected 126 gold pieces.
You spent 30 gold pieces at shops.

Inventory:

Hand Weapons
 a - a +0 club
 q - a +1 flail of venom (weapon)
   (You took it off a gnoll on level 2 of the Dungeon)
Missiles
 p - a throwing net
Armour
 b - a +0 leather armour (worn)
Jewellery
 k - a +6 ring of dexterity (left hand)
Wands
 c - a wand of flame (10)
 d - a wand of charming (15)
 e - a wand of iceblast (4)
Scrolls
 g - a scroll of teleportation {unknown}
 h - a scroll of enchant armour {unknown}
 i - a scroll of identify {unknown}
 l - a scroll of blinking {unknown}
 o - a scroll of torment {unknown}
Potions
 f - a potion of ambrosia {unknown}
 j - a potion of berserk rage {unknown}
 n - a potion of cancellation {unknown}
 r - a potion of experience {unknown}


   Skills:
 - Level 2.5 Fighting
 - Level 2.1 Armour
 - Level 0.6 Dodging
 - Level 0.6 Stealth
 - Level 2.0 Spellcasting
 + Level 0.8 Conjurations
 * Level 1.6 Fire Magic
 - Level 3.2 Evocations


You had 6 spell levels left.
You knew the following spells:

 Your Spells              Type           Power      Damage    Failure   Level
a - Foxfire               Conj/Fire      16%        2x1d4     16%         1

Your spell library contained the following spells:

 Spells                   Type           Power      Damage    Failure   Level
 Plasma Beam              Fire/Air       1%         2x1d11    100%        6
 Starburst                Conj/Fire      2%         6d3       100%        6


Dungeon Overview and Level Annotations

Branches:
Dungeon (2/15)

Altars:

Shops:
D:2 !


Innate Abilities, Weirdness & Mutations

Your spellcasting is much less encumbered by armour.
You can use scrolls of enchantment on lesser artefacts.


Message History

The foxfire hits the gnoll.
The gnoll is heavily wounded.
The foxfire hits the gnoll.
The gnoll is severely wounded.
Casting: Foxfire (safe; 17% risk of failure)
Press: ? - help, Q - select action, (/) - cycle Dir - look around, f - activate You conjure some foxfire!
The foxfire hits the gnoll.
The gnoll is almost dead.
The foxfire hits the gnoll but does no damage.
The gnoll is almost dead.
Casting: Foxfire (safe; 17% risk of failure)
Press: ? - help, Q - select action, (/) - cycle Dir - look around, f - activate You conjure some foxfire!
The foxfire hits the gnoll but does no damage.
The gnoll is almost dead.
The foxfire hits the gnoll.
You kill the gnoll!
Casting: Foxfire (safe; 16% risk of failure)
Press: ? - help, Q - select action, (/) - cycle Dir - look around, f - activate You conjure some foxfire!
The foxfire hits the gnoll.
The gnoll is lightly wounded.
The foxfire hits the gnoll but does no damage.
The gnoll is lightly wounded.
The gnoll hits you from afar with a +0 halberd!
You struggle against the net.
The foxfire hits the gnoll.
The gnoll is lightly wounded.
The foxfire hits the gnoll.
The gnoll is moderately wounded.
The gnoll barely misses you.
You struggle against the net.
The gnoll hits you from afar with a +0 halberd!
* * * LOW HITPOINT WARNING * * *
You struggle against the net.
The gnoll hits you from afar with a +0 halberd!
* * * LOW HITPOINT WARNING * * *
You feel better.
The gnoll hits you from afar with a +0 halberd!
You die...

### #.. ################ #.#
...............# #.#
##############.# #####.#
.....#.........# #.....# ###
####.#......(..### #.....###..
####...#.........######.....'....
................@...........##...
...........###.......#......##...
<..........'......g..#......##...
...........##......g.....†.###...
........#..##..............# #.##
........##.#...............###.##
..........∩......................
.........#.#.........#...........
..##.......#...##............#...


You could see 2 gnolls.

Vanquished Creatures
  5 gnolls
  5 endoplasms
  3 giant cockroaches (D:2)
  3 hobgoblins
  2 jackals (D:1)
  4 kobolds
  2 quokkas (D:2)
  A ball python (D:1)
  A bat (D:1)
  A frilled lizard (D:1)
  3 goblins
  2 rats (D:2)
32 creatures vanquished.

Vanquished Creatures (others)
  73 foxfires
73 creatures vanquished.

Grand Total: 105 creatures vanquished

Notes
Turn   | Place    | Note
-------+----------+-------------------------------------------
     0 | D:1      | RBrandon the Mountain Dwarf Artificer began the quest for
                  | the Orb.
     0 | D:1      | Reached XP level 1. HP: 16/16 MP: 1/1
    51 | D:1      | Reached XP level 2. HP: 21/25 MP: 2/2
   100 | D:1      | Learned a level 1 spell: Foxfire
   419 | D:1      | Reached skill level 1 in Fire Magic
   905 | D:2      | Reached XP level 3. HP: 30/30 MP: 0/3
  1019 | D:2      | Found Caul's Distillery.
  1029 | D:2      | Bought a potion of curing for 30 gold pieces
  1194 | D:2      | Reached skill level 1 in Spellcasting
  1453 | D:2      | Reached XP level 4. HP: 37/37 MP: 4/7
  1634 | D:2      | Slain by a gnoll

Illustrated notes

Levels and vault maps discovered:
D:1:      lordsloth_arrival_two_stooges, layout_basic
D:2:      layout_basic, serial_shops, nicolae_shop_crystal, moated_statue

Skill      XL: |  1  2  3 |
---------------+----------+-----
Fighting       | 2 |  2.5
Fire Magic     | 1 |  1.6
Spellcasting   | 2 |  2.0
Armour         | |  2.1
Dodging        | |  0.6
Stealth        | |  0.6
Conjurations   | |  0.8
Evocations     | |  3.2

Action                     |  1- 3 |  4- 6 || total
---------------------------+-------+-------++-------
  Melee: Club              |    35 |       ||    35
         Flail             |       |     2 ||     2
   Cast: Foxfire           |    31 |     9 ||    40
  Evoke: Wand              |     6 |       ||     6
    Use: Potion            |       |     1 ||     1
 Armour: Leather armour    |    27 |     5 ||    32
  Dodge: Dodged            |    35 |     1 ||    36

Table legend: (Time is in decaauts)
 A = Elapsed time spent in this place.
 B = Non-inter-level travel time spent in this place.
 C = Inter-level travel time spent in this place.
 D = Time resting spent in this place.
 E = Time spent auto-exploring this place.
 F = Levels seen in this place.
 G = Mean time per level.
                   A        B        C        D        E       F      G
               +--------+--------+--------+--------+--------+-----+--------+
         Total |   1645 |   1597 |     48 |    174 |   1021 |   2 |  822.5 |
       Dungeon |   1645 |   1597 |     48 |    174 |   1021 |   2 |  822.5 |
               +--------+--------+--------+--------+--------+-----+--------+

Top non-repeatable levels by time:
     D:2: 918 daAuts
     D:1: 726 daAuts

Levels and vault maps discovered:
D:1:      lordsloth_arrival_two_stooges, layout_basic
D:2:      layout_basic, serial_shops, nicolae_shop_crystal, moated_statue

Table legend: (Time is in decaauts)
 A = Elapsed time spent in this place.
 B = Non-inter-level travel time spent in this place.
 C = Inter-level travel time spent in this place.
 D = Time resting spent in this place.
 E = Time spent auto-exploring this place.
 F = Levels seen in this place.
 G = Mean time per level.
                   A        B        C        D        E       F      G
               +--------+--------+--------+--------+--------+-----+--------+
         Total |   1645 |   1597 |     48 |    174 |   1021 |   2 |  822.5 |
       Dungeon |   1645 |   1597 |     48 |    174 |   1021 |   2 |  822.5 |
               +--------+--------+--------+--------+--------+-----+--------+

Top non-repeatable levels by time:
     D:2: 918 daAuts
     D:1: 726 daAuts

Table legend:
 A = Kills in this place as a percentage of kills in the entire game.
 B = Kills by you in this place as a percentage of kills by you in the entire game.
 C = Kills by friends in this place as a percentage of kills by friends in the entire game.
 D = Other kills in this place as a percentage of other kills in the entire game.
 E = Experience gained in this place as a percentage of experience gained in the entire game.
 F = Experience gained in this place divided by the number of levels of this place that you have seen.
                   A       B       C       D       E      F
               +-------+-------+-------+-------+-------+----------------------
         Total | 100.0 | 100.0 |   N/A |   N/A | 100.0 |  58.0
       Dungeon | 100.0 | 100.0 |   N/A |   N/A | 100.0 |  58.0
               +-------+-------+-------+-------+-------+----------------------
